 Dungeon Crawl Stone Soup version 0.25.1-2-g60ff931df9 (webtiles) character file.

Game seed: 1829523131359876463

95 DerDa the Digger (level 4, -3/33 HPs)
             Began as a Demigod Earth Elementalist on Oct 9, 2020.
             Slain by a gnoll
             ... wielding a +0 whip
              (4 damage)
             ... on level 3 of the Dungeon.
             The game lasted 00:03:01 (1612 turns).

DerDa the Digger (Demigod Earth Elementalist)       Turns: 1612, Time: 00:03:01

Health: -3/33      AC:  2    Str: 11    XL:     4   Next: 17%
Magic:  4/11       EV: 12    Int: 21    God:
Gold:   56         SH:  0    Dex: 16    Spells: 3/9 levels left

rFire    . . .     SeeInvis .   h - +0 club
rCold    . . .     Gourm    .   (no shield)
rNeg     . . .     Faith    .   c - +0 robe
rPois    .         Spirit   .   (no helmet)
rElec    .         Reflect  .   (no cloak)
rCorr    .         Harm     .   (no gloves)
MR       .....                  (no boots)
Stlth    ++........             (no amulet)
HPRegen  0.11/turn              (no ring)
MPRegen  0.12/turn              (no ring)

@: no status effects
A: high mp 1
a: no special abilities


You were on level 3 of the Dungeon.
You were very hungry.

You visited 1 branch of the dungeon, and saw 3 of its levels.

You collected 56 gold pieces.

Inventory:

Hand Weapons
 h - a +0 club (weapon)
 k - a +0 hunting sling
Missiles
 b - 105 stones (quivered)
 e - 24 arrows
Armour
 c - a +0 robe (worn)
 j - +0 swamp dragon scales
Scrolls
 a - a scroll of noise {unknown}
 f - 4 scrolls of identify {unknown}
 l - a scroll of fog {unknown}
 n - a scroll of teleportation {unknown}
 o - 2 scrolls of amnesia {unknown}
 r - a scroll of fear {unknown}
Potions
 g - a potion of haste {unknown}
 i - a potion of curing {unknown}
 m - a potion of flight {unknown}
 p - 4 potions of heal wounds {unknown}
 q - a potion of resistance {unknown}
Comestibles
 d - 4 rations


   Skills:
 - Level 1.7 Dodging
 - Level 1.7 Stealth
 * Level 3.0 Spellcasting
 - Level 0.8 Transmutations
 * Level 3.8 Earth Magic


You had 3 spell levels left.
You knew the following spells:

 Your Spells              Type           Power        Failure   Level  Hunger
a - Sandblast             Erth           ###...       2%          1    None
u - Stone Arrow           Conj/Erth      ##....       19%         3    ###....
w - Passwall              Tmut/Erth      ##......     8%          2    ##.....

Your spell library contained the following spells:

 Spells                   Type           Power        Failure   Level  Hunger
 Petrify                  Tmut/Erth      ##......     45%         4    ####...
 Lee's Rapid Deconstruct  Erth           ###.......   58%         5    ######.


Dungeon Overview and Level Annotations

Branches:
Dungeon (3/15)


Innate Abilities, Weirdness & Mutations

You have an increased reservoir of magic. (+10% MP)


Message History

Aiming: Sandblast (safe; 2% risk of failure)
Press: ? - help, Shift-Dir - straight line, f/p - goblin
Aim: a goblin (severely wounded)
The blast of sand hits the goblin!
You kill the goblin!
b - 106 stones The gnoll hits you with a +0 whip.
Casting: Sandblast (safe; 2% risk of failure)
Confirm with . or Enter, or press ? or * to list all spells.
Aiming: Sandblast (safe; 2% risk of failure)
Press: ? - help, Shift-Dir - straight line, f - gnoll
Aim: a gnoll, wielding a +0 whip The blast of sand hits the gnoll!
The gnoll is almost dead.
b - 105 stones The gnoll hits you from afar with a +0 halberd!
* * * LOW HITPOINT WARNING * * *
A bat comes into view.
The gnoll hits you with a +0 whip.
You die...

##...###
....... #.....#
#.....# #.....#
+.....# #.....#
#....<# #...†@#
........g....#
....[...g)...#
##....##......!
#.#.. ......#
#.##b ###.... #
.. ..## # %#


You could see 2 gnolls and a bat.

Vanquished Creatures
  A jelly (D:2)
  A worker ant (D:2)
  A gnoll (D:3)
  A dart slug (D:2)
  A leopard gecko (D:2)
  A bat (D:2)
  6 goblins
  4 hobgoblins
  3 jackals (D:2)
  4 kobolds
  5 frilled lizards
  A rat (D:1)
29 creatures vanquished.

Notes
Turn   | Place    | Note
-------+----------+-------------------------------------------
     0 | D:1      | DerDa the Demigod Earth Elementalist began the quest for
                  | the Orb.
     0 | D:1      | Reached XP level 1. HP: 14/14 MP: 5/5
   276 | D:1      | Found a shattered altar of Ashenzari.
   674 | D:2      | Noticed a jelly
   679 | D:2      | Killed a jelly
   679 | D:2      | Reached XP level 2. HP: 20/20 MP: 2/8
   679 | D:2      | Reached XP level 3. HP: 26/26 MP: 2/9
   686 | D:2      | Learned a level 3 spell: Stone Arrow
   689 | D:2      | Learned a level 2 spell: Passwall
  1377 | D:2      | Reached XP level 4. HP: 27/33 MP: 2/11
  1612 | D:3      | HP: 1/33 [gnoll/+0 halberd (10)]
  1612 | D:3      | Slain by a gnoll

Illustrated notes

Levels and vault maps discovered:
D:1:      roderic_crossed_star, layout_basic, minmay_misc_feat_doors,
          ashenzari_altar_1
D:2:      layout_basic
D:3:      layout_basic, first_ration, bh_walls_and_bars, uniq_grinder

Skill      XL: |  1  2  3  4 |
---------------+-------------+-----
Spellcasting   | 2 3 |  3.0
Earth Magic    | 3 |  3.8
Dodging        | |  1.7
Stealth        | |  1.7
Transmutations | |  0.8

Action                   |  1- 3 |  4- 6 || total
-------------------------+-------+-------++-------
Melee: Club              |    12 |       ||    12
 Cast: Sandblast         |    36 |    10 ||    46
  Eat: Chunk             |     1 |       ||     1
Armor: Robe              |     2 |       ||     2
Dodge: Dodged            |    18 |       ||    18
